 Dungeon Crawl Stone Soup version 0.30.0-5-g1a98f26d00 (webtiles) character file.

Game seed: 16515566397624164739

56366 jimonade the Blocker (level 14, -8/159 HPs)
             Began as a Demonspawn Venom Mage on May 10, 2023.
             Was a High Priest of Jiyva.
             Mangled by benadryl's ghost (17 damage)
             ... on level 4 of the Lair of Beasts.
             The game lasted 01:00:17 (23427 turns).

jimonade the Blocker (Demonspawn Venom Mage)       Turns: 23427, Time: 01:00:17

Health: -8/159     AC: 36    Str: 12    XL:     14   Next: 41%
Magic:  17/17      EV:  3    Int: 22    God:    Jiyva [*****.]
Gold:   441        SH: 18    Dex: 14    Spells: 16/17 levels left

rFire   . . .        a - +8 whip "Snakebite" {venom, curare, rPois}
rCold   + + .        l - +0 tower shield
rNeg    . . .        C - +6 plate armour of Honour {Drain Fly rC++ Int+4}
rPois   +            H - +0 hat {SInv}
rElec   .            k - +2 cloak
rCorr   +            x - +0 pair of gloves
SInv    +            S - +1 pair of boots
Will    ++...        c - amulet of faith Stlth
                     Z - +4 ring of protection
HPRegen 1.90/turn    I - ring of poison resistance
MPRegen 0.60/turn

%: faith
@: berserking (expiring), lethally poisoned (-8 -> -8), flying, hasted, very
quick
A: horns 1, yellow scales 2, ignite blood 2, powered by pain 3, strong-willed 1,
wild magic 2, gelatinous body 1, jelly absorbing missiles, MP-powered wands
a: Renounce Religion, Oozemancy, Slimify


You were on level 4 of the Lair of Beasts.
You worshipped Jiyva.
Jiyva was extremely pleased with you.
You visited 4 branches of the dungeon, and saw 24 of its levels.

You collected 1254 gold pieces.
You spent 813 gold pieces at shops.

Inventory:

Hand Weapons
 a - the +8 whip "Snakebite" (weapon) {venom, curare, rPois}
   (You bought it in a shop on level 11 of the Dungeon)

   rPois:     It protects you from poison.
 y - a +0 morningstar
Missiles
 g - 54 poisoned darts (quivered)
 U - 3 silver javelins
Armour
 k - a +2 cloak (worn)
 l - a +0 tower shield (worn)
 x - a +0 pair of gloves (worn)
 C - the +6 plate armour of Honour (worn) {Drain Fly rC++ Int+4}
   (You found it on level 3 of the Dungeon)

   Int:       It affects your intelligence (+4).
   rC:        It greatly protects you from cold.
   Fly:       It grants you flight.
   Drain:     It drains your maximum health when unequipped.
 H - a +0 hat of see invisible (worn)
 S - a +1 pair of boots (worn)
Jewellery
 b - an amulet of magic regeneration
 c - an amulet of faith (around neck)
 e - an amulet of regeneration
 r - a ring of flight
 I - a ring of poison resistance (right hand)
 P - a ring of see invisible
 Z - a +4 ring of protection (left hand)
Wands
 f - a wand of charming (9)
 n - a wand of mindburst (3)
 A - a wand of iceblast (20)
Scrolls
 d - 7 scrolls of immolation
 h - 3 scrolls of brand weapon
 i - 4 scrolls of identify
 m - a scroll of amnesia
 p - 11 scrolls of teleportation
 q - 3 scrolls of enchant weapon
 t - 11 scrolls of magic mapping
 u - 2 scrolls of fog
 D - 2 scrolls of silence
 J - 2 scrolls of poison
 K - 2 scrolls of vulnerability
 N - 3 scrolls of butterflies
 Q - 3 scrolls of fear
 Y - a scroll of enchant armour
Potions
 j - 10 potions of curing
 o - 3 potions of magic
 s - 4 potions of haste
 v - 7 potions of flight
 w - 5 potions of mutation {unknown}
 z - 2 potions of brilliance {unknown}
 B - 2 potions of might {unknown}
 E - 6 potions of attraction {unknown}
 F - a potion of resistance
 L - 5 potions of degeneration {unknown}
 M - a potion of invisibility {unknown}
 O - a potion of berserk rage {unknown}
 T - 4 potions of lignification {unknown}
 V - a potion of heal wounds {unknown}
 W - 2 potions of cancellation {unknown}


   Skills:
 + Level 8.3 Fighting
 - Level 9.4 Short Blades
 * Level 9.0 Maces & Flails
 + Level 1.4 Ranged Weapons
 + Level 1.7 Throwing
 + Level 11.1 Armour
 + Level 3.2 Dodging
 - Level 1.8 Stealth
 + Level 13.9 Shields
 + Level 0.1 Unarmed Combat
 - Level 2.4 Spellcasting
 - Level 1.1 Transmutations
 - Level 3.7 Poison Magic
 + Level 0.3 Evocations


You had 16 spell levels left.
You knew the following spells:

 Your Spells              Type           Power      Damage    Failure   Level
a - Sting                 Tmut/Pois      84%        1d7       100%        1

Your spell library contained the following spells:

 Spells                   Type           Power      Damage    Failure   Level
 Necrotise                Necr           16%        1d4       100%        1
 Slow                     Hex            16%        N/A       100%        1
 Poisonous Vapours        Pois/Air       34%        N/A       100%        2
 Sublimation of Blood     Necr           4%         N/A       100%        2
 Wereblood                Tmut           12%        N/A       100%        2
 Confusing Touch          Hex            4%         N/A       100%        3
 Frozen Ramparts          Ice            8%         1d2       100%        3
 Ignite Poison            Fire/Tmut/Pois 15%        N/A       100%        3
 Inner Flame              Hex/Fire       4%         N/A       100%        3
 Mephitic Cloud           Conj/Pois/Air  13%        N/A       100%        3
 Vampiric Draining        Necr           4%         2d6       100%        3
 Anguish                  Hex/Necr       2%         N/A       100%        4
 Cause Fear               Hex            2%         N/A       100%        4
 Flame Wave               Conj/Fire      4%         2d5       100%        4
 Ice Form                 Ice/Tmut       8%         N/A       100%        4
 Olgreb's Toxic Radiance  Pois           30%        N/A       100%        4
 Sticky Flame             Conj/Fire      4%         2d3       100%        4
 Summon Ice Beast         Ice/Summ       4%         N/A       100%        4
 Agony                    Necr           4%         N/A       100%        5
 Freezing Cloud           Conj/Ice/Air   2%         6-21      100%        5
 Enfeeble                 Hex            2%         N/A       100%        7
 Summon Hydra             Summ           2%         N/A       100%        7
 Ignition                 Fire           2%         3d3       100%        8


Dungeon Overview and Level Annotations

Branches:
Dungeon (13/15)            Temple (1/1) D:6            Lair (5/5) D:11
  Swamp (0/4) Lair:2       Spider (0/4) Lair:2        Slime (5/5) Lair:4
    Orc (0/2) D:12         Vaults (0/5) D:13

Altars:
Ashenzari
Cheibriados
Dithmenos
Fedhas
Gozag
Hepliaklqana
Kikubaaqudgha
Makhleb
Nemelex Xobeh
Qazlal
Ru
Sif Muna
Trog
Uskayaw
Vehumet
Wu Jian
Xom
Yredelemnul
Jiyva

Shops:
D:11 (

Annotations:
Lair:1 exclusions: orange crystal statue and 1 more exclusion
Lair:4 1 transporter, benadryl's ghost, journeyman TrFi
Slime:5 Royal Jelly


Innate Abilities, Weirdness & Mutations

You have a pair of small horns on your head.
You are mostly covered in yellow scales. (AC +3)
Your demonic aura often causes spilled blood to erupt in flames.
You are powered by pain.
You are strong-willed. (Will+)
Your spells are harder to cast, but more powerful.
Your rubbery body absorbs attacks. (AC +1, EV +1)
You have a small jelly attached to you that may absorb projectiles.
You expend magic power (3 MP) to strengthen your wands.


Message History

You feel very sick.
You hear an angry hiss. x2
You closely miss the moth of wrath.
The moth of wrath is severely wounded.
You feel sick. You block the moth of wrath's attack.
Benadryl's ghost is engulfed in blazing flames.
Benadryl's ghost hits you!
* * * LOW HITPOINT WARNING * * *
You hit the moth of wrath.
The moth of wrath is poisoned.
The moth of wrath convulses.
You kill the moth of wrath!
You feel sick.
You hear an angry hiss.
You block the black mamba's attack.
The boulder beetle curls into a ball and begins rolling!
Your Maces & Flails skill increases to level 9!
You hit benadryl's ghost. You headbutt benadryl's ghost.
Benadryl's ghost is lightly damaged.
You feel sick.
The black mamba bites you but does no damage.
Benadryl's ghost hits you!
* * * LOW HITPOINT WARNING * * *
You whack benadryl's ghost! You headbutt benadryl's ghost!
Benadryl's ghost is moderately damaged.
You feel sick. You block the black mamba's attack. The black mamba bites you!
* * * LOW HITPOINT WARNING * * *
You hit benadryl's ghost.
Benadryl's ghost is moderately damaged.
You feel sick. You block the black mamba's attack.
You block benadryl's ghost's attack.
You are too berserk!
Unknown command.
You miss the black mamba. You headbutt the black mamba.
The black mamba is severely wounded.
You feel sick. You block the black mamba's attack.
The black mamba bites you but does no damage.
You whack the black mamba! You headbutt the black mamba!
You kill the black mamba!
You feel sick. Benadryl's ghost hits you!
You die...

#########
#####P#.##P.######
##.#..........#..P#
#.................####
#.....####.©.####....#
#..#.##..#####†@###..#
#.#..#.....°B=†#Wy##.#
#...##.##°°[###....#.#
##...#F....#.FY..#.##.#
J....#B.##°y©.S#?.©#..#
.....#..°W..#..##..#.##
.J...##...#...#....#.#
......#....#......##.##
#..##.#####..###.##...#


You could see a boulder beetle (rolling), a moth of wrath and benadryl's ghost.

Vanquished Creatures
  Gastronok (D:10)
  A dire elephant (Lair:5)
  The ghost of Xqipyl the Destroyer, a journeyman GrFE of Vehumet (D:12)
  A fire dragon (Lair:5)
  7 hydras
  A centaur warrior (D:13)
  2 catoblepae (Lair:5)
  A vault guard (D:13)
  2 boulder beetles
  2 two-headed ogres
  5 death yaks
  A fire crab (D:13)
  A swamp dragon (Lair:5)
  2 lindwurms
  A deep elf pyromancer (D:12)
  6 ugly things
  3 cyclopes
  3 manticores
  6 elephants
  A moth of wrath (Lair:4)
  4 black mambas
  3 torpor snails
  3 gargoyles (D:13)
  13 cane toads
  6 komodo dragons
  6 rime drakes
  A yaktaur (shapeshifter) (D:13)
  4 trolls
  3 polar bears
  Prince Ribbit (D:5)
  4 dream sheep
  6 hornets
  A jumping spider (Lair:2)
  6 blink frogs
  2 slime creatures (Lair:4)
  A shadow (D:11)
  A water elemental (D:12)
  A vampire (D:11)
  7 wyverns
  40 yaks
  A redback (Lair:2)
  A steam dragon (Lair:5)
  9 vampire mosquitoes
  Menkaure (D:5)
  4 acid dragons
  14 water moccasins
  Duvessa (D:6)
  2 swamp drakes (Lair:5)
  2 ice beasts
  4 black bears
  7 orc warriors
  4 sky beasts
  A wolf (D:11)
  12 centaurs
  A phantom (D:6)
  4 kobold brigands
  Blork the orc (D:5)
  17 bullfrogs
  8 wights
  5 scorpions
  Dowan (D:6)
  6 killer bees (D:7)
  3 howler monkeys
  3 electric eels (D:12)
  4 hounds
  13 orc priests
  A gnoll bouda (Lair:3)
  3 jellies
  6 iguanas
  8 hell rats (Lair:1)
  11 orc wizards
  8 adders
  3 gnolls (D:4)
  10 river rats (Lair:1)
  An ufetubus (D:6)
  A worm (D:4)
  A dart slug (D:3)
  30 orcs
  3 bats
  An endoplasm (D:3)
  6 giant cockroaches
  4 goblins
  5 hobgoblins
  21 kobolds
  7 quokkas
  8 ball pythons
  5 frilled lizards
  18 rats
451 creatures vanquished.

Vanquished Creatures (others)
  A slime creature (D:13)
  A water moccasin (Lair:5)
  8 jellies
  4 iguanas (Lair:5)
  3 orcs (D:12)
17 creatures vanquished.

Grand Total: 468 creatures vanquished

Notes
Turn   | Place    | Note
-------+----------+-------------------------------------------
     0 | D:1      | jimonade the Demonspawn Venom Mage began the quest for the
                  | Orb.
     0 | D:1      | Reached XP level 1. HP: 13/13 MP: 3/3
   417 | D:1      | Gained mutation: You are partially covered in yellow
                  | scales. (AC +2) [demonic ancestry]
   417 | D:1      | Reached XP level 2. HP: 19/19 MP: 3/5
   801 | D:2      | Reached skill level 1 in Transmutations
   981 | D:2      | Gained mutation: Your demonic aura sometimes causes spilled
                  | blood to erupt in flames. [demonic ancestry]
   981 | D:2      | Reached XP level 3. HP: 24/24 MP: 3/6
  1116 | D:2      | Identified the +0 leather armour of the Silversmith {Dex+2}
  1864 | D:3      | Identified the +6 plate armour of Honour {Drain Fly rC++
                  | Int+4}
  1898 | D:3      | Found a faded altar of an unknown god.
  2144 | D:3      | Reached XP level 4. HP: 30/30 MP: 7/7
  2247 | D:3      | Reached skill level 1 in Shields
  2370 | D:3      | Found an ancient bone altar of Kikubaaqudgha.
  2387 | D:3      | You are sucked into a shaft and drop 1 floor!
  2556 | D:3      | Reached skill level 1 in Armour
  2636 | D:3      | Reached skill level 1 in Short Blades
  2744 | D:4      | Noticed a scorpion
  2750 | D:4      | Killed a scorpion
  2751 | D:4      | Reached skill level 1 in Fighting
  2751 | D:4      | Gained mutation: Your demonic aura often causes spilled
                  | blood to erupt in flames. [demonic ancestry]
  2751 | D:4      | Reached XP level 5. HP: 34/37 MP: 8/8
  3212 | D:4      | Reached XP level 6. HP: 43/43 MP: 9/9
  3408 | D:5      | Entered Level 5 of the Dungeon
  3419 | D:5      | Reached skill level 2 in Shields
  3565 | D:5      | Noticed a yak
  3572 | D:5      | Killed a yak
  3586 | D:5      | Noticed a yak
  3587 | D:5      | Noticed a yak
  3596 | D:5      | Noticed a yak
  3597 | D:5      | Noticed a yak
  3629 | D:4      | Killed a yak
  3630 | D:4      | Gained mutation: You are mostly covered in yellow scales.
                  | (AC +3) [demonic ancestry]
  3630 | D:4      | Reached XP level 7. HP: 43/50 MP: 8/10
  3657 | D:5      | Noticed a yak
  3659 | D:5      | Killed a yak
  3660 | D:5      | Reached skill level 3 in Shields
  3686 | D:4      | Killed a yak
  3701 | D:4      | Killed a yak
  3702 | D:4      | Reached XP level 8. HP: 25/57 MP: 4/11
  3739 | D:4      | Reached skill level 5 in Short Blades
  3891 | D:5      | Found a shadowy altar of Dithmenos.
  4188 | D:5      | Noticed Menkaure
  4200 | D:5      | Killed Menkaure
  4201 | D:5      | Reached skill level 1 in Ranged Weapons
  4201 | D:5      | Reached skill level 4 in Shields
  4577 | D:6      | Noticed Prince Ribbit
  4596 | D:5      | Killed Prince Ribbit
  4597 | D:5      | Reached skill level 5 in Armour
  4723 | D:5      | Gained mutation: You sometimes gain a little power by
                  | taking damage. [demonic ancestry]
  4723 | D:5      | Reached XP level 9. HP: 60/65 MP: 9/12
  4861 | D:6      | Noticed Duvessa
  4872 | D:6      | Killed Duvessa
  4873 | D:6      | Noticed Dowan
  4950 | D:6      | Killed Dowan
  5012 | D:6      | Identified the +2 leather armour of Zoh Uree {rF+ Slay+2}
  5238 | D:6      | Found a hazy altar of Hepliaklqana.
  5340 | D:6      | Found a staircase to the Ecumenical Temple.
  5388 | D:6      | Noticed Blork the orc
  5412 | D:5      | Killed Blork the orc
  5455 | Temple   | Entered the Ecumenical Temple
  6272 | D:7      | Reached skill level 5 in Shields
  7560 | D:8      | Noticed a two-headed ogre
  7577 | D:8      | Killed a two-headed ogre
  7578 | D:8      | Reached skill level 5 in Fighting
  7578 | D:8      | Reached XP level 10. HP: 56/74 MP: 10/13
  8926 | D:9      | Reached skill level 6 in Shields
  9134 | D:9      | Found a sparkling altar of Nemelex Xobeh.
  9138 | D:9      | Found a stormy altar of Qazlal.
  9156 | D:9      | Found a shimmering altar of Xom.
  9180 | D:9      | Found a sacrificial altar of Ru.
  9985 | D:10     | Entered Level 10 of the Dungeon
 10003 | D:10     | Noticed a two-headed ogre
 10021 | D:10     | Killed a two-headed ogre
 10022 | D:10     | Reached skill level 1 in Throwing
 10127 | D:10     | Reached skill level 7 in Shields
 10127 | D:10     | Gained mutation: You sometimes gain power by taking damage.
                  | [demonic ancestry]
 10127 | D:10     | Reached XP level 11. HP: 79/81 MP: 14/14
 10664 | D:10     | Noticed Gastronok
 10696 | D:10     | Killed Gastronok
 10697 | D:10     | Reached skill level 8 in Shields
 10838 | D:10     | Identified the +2 leather armour of Time Monsters {rPois
                  | Int+3}
 11194 | D:11     | Noticed a red ugly thing
 11215 | D:10     | Killed a red ugly thing
 11743 | D:11     | Found Wawuzo's Weapon Boutique.
 11963 | D:11     | Found a blossoming altar of Fedhas.
 12005 | D:11     | Reached skill level 9 in Shields
 12302 | D:11     | Found a staircase to the Lair.
 12585 | Lair:1   | Entered Level 1 of the Lair of Beasts
 13282 | Lair:1   | Reached skill level 10 in Shields
 13444 | Lair:1   | Gained mutation: You have a pair of small horns on your
                  | head. [demonic ancestry]
 13444 | Lair:1   | Reached XP level 12. HP: 59/85 MP: 10/15
 13996 | Lair:1   | Identified the ring of Hiun {rPois rF+ Int+2 Slay-6}
 14503 | Lair:2   | Noticed a six-headed hydra
 14535 | Lair:2   | Killed a six-headed hydra
 14869 | Lair:2   | Reached skill level 11 in Shields
 15408 | Lair:2   | Found a hole to the Spider Nest.
 16006 | Lair:2   | Found a staircase to the Swamp.
 16365 | D:11     | Bought the +8 whip "Snakebite" {venom, curare, rPois} for
                  | 813 gold pieces
 16365 | D:11     | Found the +8 whip "Snakebite" {venom, curare, rPois}
 16595 | Lair:3   | Noticed a seven-headed hydra
 16610 | Lair:3   | Killed a seven-headed hydra
 16611 | Lair:3   | Reached skill level 1 in Maces & Flails
 16987 | Lair:3   | Reached skill level 12 in Shields
 17045 | Lair:3   | Noticed a death yak
 17054 | Lair:3   | Killed a death yak
 17811 | Lair:4   | Identified the staff of air "Cidob" {+Blink rElec rC-
                  | Str+4}
 17938 | Lair:4   | Reached skill level 10 in Armour
 17938 | Lair:4   | Gained mutation: You are powered by pain. [demonic
                  | ancestry]
 17938 | Lair:4   | Reached XP level 13. HP: 92/96 MP: 16/16
 18439 | Lair:4   | Noticed benadryl's ghost (journeyman TrFi)
 18460 | Lair:4   | Found a transporter.
 18479 | Lair:4   | Found a transporter.
 18668 | Lair:4   | Found a staircase to the Slime Pits.
 18670 | Lair:4   | Found a viscous altar of Jiyva.
 18700 | Lair:4   | Became a worshipper of Jiyva Jootiucs the Shapeless
 19064 | Lair:5   | Entered Level 5 of the Lair of Beasts
 19068 | Lair:5   | Reached * piety under Jiyva
 19136 | Lair:5   | Reached skill level 5 in Maces & Flails
 19339 | Lair:5   | Reached ** piety under Jiyva
 19597 | Lair:5   | Reached skill level 13 in Shields
 19662 | Lair:5   | Noticed a dire elephant
 19676 | Lair:5   | Killed a dire elephant
 20152 | Lair:5   | Noticed a fire dragon
 20177 | Lair:5   | Killed a fire dragon
 20360 | Slime:1  | Entered Level 1 of the Pits of Slime
 20360 | Slime:1  | Noticed an azure jelly
 20369 | Slime:1  | Noticed a quicksilver ooze
 20414 | Slime:1  | Noticed a rockslime
 20658 | Slime:3  | Noticed an azure jelly
 20667 | Slime:3  | Noticed a quicksilver ooze
 20902 | Slime:4  | Noticed an azure jelly
 20902 | Slime:4  | Noticed a rockslime
 20956 | Slime:4  | Noticed an azure jelly
 20957 | Slime:4  | Noticed an azure jelly
 20966 | Slime:4  | Noticed a rockslime
 21056 | Slime:5  | Entered Level 5 of the Pits of Slime
 21101 | Slime:5  | Noticed a rockslime
 21110 | Slime:5  | Noticed an acid blob
 21110 | Slime:5  | Noticed a quicksilver ooze
 21111 | Slime:5  | Noticed an acid blob
 21134 | Slime:5  | Noticed a rockslime
 21168 | Slime:5  | Noticed a quicksilver ooze
 21170 | Slime:5  | Noticed an acid blob
 21192 | Slime:5  | Found a viscous altar of Jiyva.
 21192 | Slime:5  | Noticed an azure jelly
 21195 | Slime:5  | Found the +7 captain's cutlass {speed, disarm}
 21196 | Slime:5  | Found the +1 cloak of Starlight {*Dazzle EV+4 Stlth--}
 21211 | Slime:5  | Noticed the Royal Jelly
 21216 | Slime:5  | Noticed an acid blob
 21255 | Slime:5  | Noticed an acid blob
 21631 | D:12     | Found a bloodstained altar of Trog.
 21656 | D:12     | Reached XP level 14. HP: 99/105 MP: 17/17
 21670 | D:12     | Reached *** piety under Jiyva
 21836 | D:12     | Gained mutation: You are strong-willed. (Will+) [Jiyva's
                  | grace]
 21836 | D:12     | Gained mutation: You are highly strong-willed. (Will++)
                  | [Jiyva's grace]
 21836 | D:12     | Gained mutation: You are extremely strong-willed. (Will+++)
                  | [Jiyva's grace]
 21836 | D:12     | Gained mutation: Your rubbery body absorbs attacks. (AC +1,
                  | EV +1) [Jiyva's grace]
 22111 | D:12     | Found a staircase to the Orcish Mines.
 22168 | D:12     | Reached **** piety under Jiyva
 22174 | D:12     | Noticed Xqipyl's ghost (journeyman GrFE)
 22191 | D:12     | Found a runed translucent door.
 22472 | D:12     | Killed Xqipyl's ghost
 22702 | D:13     | Found a gate to the Vaults.
 22773 | D:13     | Reached ***** piety under Jiyva
 23052 | D:13     | Lost mutation: You are extremely strong-willed. (Will+++)
                  | [Jiyva's grace]
 23052 | D:13     | Lost mutation: You are highly strong-willed. (Will++)
                  | [Jiyva's grace]
 23052 | D:13     | Gained mutation: You expend magic power (3 MP) to
                  | strengthen your wands. [Jiyva's grace]
 23052 | D:13     | Gained mutation: You have a small jelly attached to you
                  | that may absorb projectiles. [Jiyva's grace]
 23052 | D:13     | Gained mutation: Your spells are a little harder to cast,
                  | but a little more powerful. [Jiyva's grace]
 23052 | D:13     | Gained mutation: Your spells are harder to cast, but more
                  | powerful. [Jiyva's grace]
 23427 | Lair:4   | Mangled by benadryl's ghost

Illustrated notes

Levels and vault maps discovered:
D:1:      psy_arrival_statuary, layout_loops_cross
D:2:      layout_loops_corners, serial_forest, infiniplex_forest_clump_curved,
          infiniplex_forest_lined_3, infiniplex_forest_clump_double,
          infiniplex_forest_clump_long, infiniplex_forest_clump_cross,
          infiniplex_forest_lined_room_2, infiniplex_forest_zigzag_1,
          infiniplex_forest_lined_2, infiniplex_forest_zigzag_2,
          infiniplex_forest_lined_room_2
D:3:      layout_basic, mainiacjoe_overflow_surrounded_room,
          shapermc_ecumenical_altar_flowoftime, minmay_statues_item,
          grunt_decor_arrowhead
D:4:      layout_loops_cross
D:5:      layout_basic, nicolae_dithmenos_the_darkroom, uniq_menkaure
D:6:      layout_cave_pools, nzn_hepliaklqana_mist_gate,
          minmay_temple_entry_proselytizer, uniq_duvessa, uniq_blork_the_orc,
          uniq_prince_ribbit1
D:7:      layout_basic
D:8:      layout_loops_ring, nicolae_tso_swordbearing_angel
D:9:      layout_basic, nicolae_overflow_hidden_temple,
          chequers_temple_overflow_statue_of_worship
D:10:     layout_irregular_city, kennysheep_generic_room_14, uniq_gastronok
D:11:     layout_cave_pods, hellmonk_lair_entry_icy, serial_shops,
          nicolae_shop_bloodbath_and_beyond, fedhas_bush_and_centaur_altar
D:12:     layout_roguey, erik_orc_2, hellmonk_ghost_happy_afterlife,
          chequers_serial_rivers_large_a, bloody_trog
D:13:     layout_gridville, david_vaults_5
Temple:   hc_temple_tempest_star
Lair:1:   lemuel_ratsnest, layout_loops_ring, disabler_island
Lair:2:   layout_misc_corridors, minmay_swamp_entry_swarm, spider_nest_entry_a
Lair:3:   layout_cave_pods, dreamdust_gnoll_shepherd
Lair:4:   cheibrodos_lair_overgrown_chateau, layout_long_grid,
          minmay_slime_entry_pillars, gammafunk_ghost_berserking_beasts,
          infiniplex_staircase_pool_2, serial_bayou_shore_b
Lair:5:   guppyfry_lair_end_dragon, layout_regular_city,
          hangedman_lair_in_review
Slime:1:  layout_caves, cheibrodos_slime_lost_civilization_4
Slime:2:  layout_caves
Slime:3:  layout_caves
Slime:4:  layout_caves
Slime:5

Skill      XL: |  1  2  3  4  5  6  7  8  9 10 11 12 13 14 |
---------------+-------------------------------------------+-----
Dodging        | 2 3 |  3.2
Transmutations | 1 |  1.1
Shields        | 1 2 3 4 5 7 10 12 13 | 13.9
Armour         | 1 2 3 5 6 8 10 11 | 11.1
Short Blades   | 1 2 3 4 6 7 8 9 |  9.4
Fighting       | 1 2 3 5 6 7 8 |  8.3
Ranged Weapons | 1 |  1.4
Throwing       | 1 |  1.7
Maces & Flails | 2 7 9 |  9.0
Stealth        | |  1.8
Unarmed Combat | |  0.1
Spellcasting   | |  2.4
Poison Magic   | |  3.7
Evocations     | |  0.3

Action                     |  1- 3 |  4- 6 |  7- 9 | 10-12 | 13-15 || total
---------------------------+-------+-------+-------+-------+-------++-------
  Melee: Dagger            |    86 |   123 |   470 |  1023 |       ||  1702
         Unarmed           |     5 |       |       |       |       ||     5
         Punch             |     2 |     3 |     5 |     3 |       ||    13
         Headbutt          |       |       |       |   119 |   171 ||   290
         Whip              |       |       |       |   105 |   619 ||   724
   Fire: Sling             |       |     2 |       |     8 |       ||    10
  Throw: Dart              |       |       |     4 |     8 |       ||    12
   Cast: Sting             |    20 |       |       |       |       ||    20
  Evoke: Wand              |       |       |       |     1 |     5 ||     6
    Use: Scroll            |       |     6 |       |    10 |     1 ||    17
         Potion            |       |       |       |       |     1 ||     1
   Stab: Sleeping          |     1 |       |       |       |       ||     1
 Armour: Robe              |     7 |       |       |       |       ||     7
         Plate armour      |    23 |    91 |   387 |   693 |   480 ||  1674
         Leather armour    |    23 |       |       |       |       ||    23
  Dodge: Dodged            |    43 |    13 |    75 |    65 |    40 ||   236
  Block: Tower shield      |       |       |       |   799 |   563 ||  1362
